 Dungeon Crawl Stone Soup version 0.20.1-1-g8b1a95d (webtiles) character file.

104382 MinusOne the Geomancer (level 16, 0/100 HPs)
             Began as a Gargoyle Earth Elementalist on Aug 19, 2017.
             Was an Elder of Vehumet.
             Slain by a fire elemental (9 damage)
             ... summoned by a deep elf mage
             ... on level 2 of the Elven Halls on Aug 20, 2017.
             The game lasted 05:26:43 (59897 turns).

MinusOne the Geomancer (GrEE)                      Turns: 59897, Time: 05:26:44

Health: 0/100      AC: 23    Str: 13    XL:     16   Next: 38%
Magic:  0/30       EV: 16    Int: 22    God:    Vehumet [****..]
Gold:   2348       SH:  0    Dex: 10    Spells: 27/36 levels left

rFire    . . .     SeeInvis +   X - +1 dire flail (protect)
rCold    . . .     Gourm    +   (shield currently unavailable)
rNeg     + . .     Faith    .   L - +5 robe of Night {Dark MR+ SInv}
rPois    ∞         Spirit   +   S - +2 hat
rElec    +         Reflect  .   W - scarf {Spirit}
rCorr    .         Harm     .   (no gloves)
MR       ++...                  y - +1 pair of boots
Stlth    ++........             g - amulet of the gourmand
Regen    0.3/turn               J - ring of flight
MPRegen  0.3/turn               w - ring of poison resistance

@: flying
A: big wings, negative energy resistance 1, electricity resistance, unbreathing,
petrification resistance, rot immunity, AC +11
a: Stop Flying, Renounce Religion


You were on level 2 of the Elven Halls.
You worshipped Vehumet.
Vehumet was greatly pleased with you.
You were very full.

You visited 5 branches of the dungeon, and saw 23 of its levels.

You collected 2725 gold pieces.
You spent 377 gold pieces at shops.

Inventory:

Hand Weapons
 j - a +5 flail of holy wrath
 l - the +10 great mace of the Little People {elec, +Rage rC+ Stlth+, unknown}
   (You found it on level 1 of the Orcish Mines)

   Occasionally, upon striking a foe, it will discharge some electrical energy
   and cause terrible harm.
   It protects you from cold.
   It lets you go berserk.
   It makes you more stealthy.
 q - a +0 whip of electrocution
 C - a +1 mace of venom
 X - a +1 dire flail of protection (weapon)
Missiles
 a - 28 tomahawks
 b - 443 stones (quivered)
 e - 6 tomahawks of returning
 F - 4 tomahawks of dispersal
Armour
 c - the +1 robe of the Orb {rCorr MP+9 Str+4 Int+2}
   (You found it on level 9 of the Dungeon)

   It affects your strength (+4).
   It affects your intelligence (+2).
   It affects your magic capacity (+9).
   It protects you from acid and corrosion.
 m - a +2 leather armour of cold resistance
 n - a +0 buckler
 t - a +0 troll leather armour
 u - a +0 pair of gloves
 v - a +2 robe of magic resistance
 y - a +1 pair of boots (worn)
 D - a +0 helmet of see invisible
 I - a +2 pair of gloves
 L - the +5 robe of Night (worn) {Dark MR+ SInv}
   (You found it on level 7 of the Dungeon)

   It affects your resistance to hostile enchantments.
   It lets you see invisible.
 M - a cursed +0 leather armour
 S - a +2 hat (worn)
 W - a scarf of spirit shield (worn)
 Y - a +1 robe of cold resistance
Jewellery
 g - an amulet of the gourmand (around neck)
 w - a ring of poison resistance (right hand)
 J - a ring of flight (left hand)
Wands
 h - a wand of paralysis (16/24)
 o - a wand of iceblast (5/15)
 r - a wand of flame (34/48)
 B - a wand of acid (6/15)
 O - a wand of lightning (7/15)
Scrolls
 f - a scroll of magic mapping
 s - 11 scrolls of remove curse
 z - a scroll of recharging
 H - a scroll of enchant weapon
Potions
 x - 3 potions of magic
Miscellaneous
 A - a crystal ball of energy
Comestibles
 d - 12 bread rations
 i - 5 royal jellies
 k - 13 fruits
 p - 14 meat rations


   Skills:
 + Level 11.3 Fighting
 + Level 10.8 Maces & Flails
 - Level 5.2 Armour
 + Level 9.1 Dodging
 - Level 2.1 Stealth
 + Level 10.9 Spellcasting
 + Level 12.0 Conjurations
   Level 0.7 Transmutations
 + Level 14.0 Earth Magic
 + Level 9.6 Evocations


You had 27 spell levels left.
You knew the following spells:

 Your Spells              Type           Power        Failure   Level  Hunger
a - Sandblast             Erth           ######       0%          1    None
b - Stone Arrow           Conj/Erth      ######       1%          3    None
c - Lee's Rapid Deconstr  Erth           ######....   1%          5    ####...


Dungeon Overview and Level Annotations

Branches:
Dungeon (12/15)            Temple (1/1) D:6            Lair (6/6) D:9
 Shoals (0/4) Lair:2        Snake (0/4) Lair:2        Slime (0/5) Lair:5
    Orc (2/2) D:11            Elf (2/3) Orc:2

Altars:
Ashenzari
Cheibriados
Dithmenos
Elyvilon
Fedhas
Gozag
Hepliaklqana
Kikubaaqudgha
Makhleb
Nemelex Xobeh
Okawaru
Qazlal
Ru
Sif Muna
Trog
Uskayaw
Vehumet
Xom
Yredelemnul
Zin
The Shining One
Beogh
Jiyva

Shops:
Orc:2 [%[(   Elf:1 *

Annotations:
Lair:1 exclusion: 2 oklob plants


Innate Abilities, Weirdness & Mutations

You are resistant to torment.
Your stone body is resilient. (AC +11)
You are immune to poison.
Your large and strong wings let you fly indefinitely.
You resist negative energy. (rN+)
You are resistant to electric shocks. (rElec)
You can survive without breathing.
You are immune to petrification.
You are immune to rotting.


Message History

The deep elf mage gestures wildly while chanting.
The deep elf archer shoots an arrow.
The arrow hits you.
* * * LOW HITPOINT WARNING * * *
You fly downwards.
You are covered in liquid flames!
* * * LOW HITPOINT WARNING * * *
The fire elemental barely misses you. x2; The fire elemental hits you.
The fire elemental burns you!
* * * LOW HITPOINT WARNING * * *
The fire elemental misses you.
There is a stone staircase leading up here.
You see here 2 arrows.
Casting: Stone Arrow
Confirm with . or Enter, or press ? or * to list all spells.
You don't have enough magic to cast that spell.
The fire elemental barely misses you.
The fire elemental completely misses you.
The deep elf mage hits you but does no damage.
The fire elemental hits you. The fire elemental burns you!
You die...

# .#
###[###
###>....#
#@ee.....
#EE......
###.....#
.###### #


You could see 2 deep elf magi and 2 fire elementals.

Vanquished Creatures
  2 orc warlords (D:11)
  3 dire elephants (Lair:6)
  A deep elf death mage (Elf:1)
  Erolcha (Orc:2)
  The ghost of FollowTheCloud the Covert, a journeyman SpEn of Kikubaaqudgha (Lair:2)
  11 hydras
  3 catoblepae
  An anaconda (Lair:6)
  6 two-headed ogres
  Erica (Lair:2)
  The ghost of LarsimusPrime the Basher, a novice MiFi of Okawaru (Orc:1)
  6 dancing weapons
  5 death yaks
  Urug (D:11)
  4 orc high priests
  2 deep elf knights (Elf:1)
  A fire crab (Lair:6)
  A skeletal warrior (D:10)
  An unseen horror (D:11)
  3 deep elf archers
  Pikel (D:8)
  A wolf spider zombie (D:11)
  16 deep elf magi (Elf:1)
  6 orc sorcerers
  7 orc knights
  An ugly thing (D:11)
  A cyclops (Orc:2)
  29 elephants
  4 black mambas
  11 spiny frogs
  Joseph (D:8)
  2 torpor snails (Lair:6)
  A gargoyle (D:10)
  2 kobold demonologists (D:11)
  10 komodo dragons
  A yaktaur (shapeshifter) (Elf:1)
  A rime drake (Lair:3)
  9 trolls
  3 meliai (D:11)
  A merfolk (Lair:2)
  10 blink frogs
  A hornet (D:11)
  4 dream sheep (Lair:6)
  A snapping turtle (Lair:2)
  7 hippogriffs
  2 wraiths (D:11)
  An air elemental (Orc:2)
  43 yaks
  3 wyverns
  2 basilisks (Lair:3)
  3 water elementals (Elf:1)
  A vampire mosquito (D:11)
  5 wargs
  Edmund (D:5)
  25 water moccasins
  Duvessa (D:3)
  10 porcupines
  A hornet zombie (D:10)
  48 orc warriors
  2 slaves (D:8)
  A black bear (D:6)
  4 sky beasts
  4 ice beasts
  12 wolves
  14 ogres
  2 phantoms
  6 centaurs
  11 crocodiles
  7 big kobolds
  20 bullfrogs
  A gnoll sergeant (D:8)
  A wyvern skeleton (D:11)
  6 scorpions
  Dowan (D:4)
  6 killer bees (D:9)
  14 wights
  6 howler monkeys
  8 crimson imps
  3 centaur zombies
  3 bullfrog zombies
  A quasit (D:10)
  5 bullfrog skeletons
  23 orc priests
  8 hounds
  3 jellies
  3 centaur skeletons
  Natasha (thrice) (D:4)
  5 iguanas
  26 orc wizards
  19 worker ants
  A hound zombie (D:8)
  A hound skeleton (D:4)
  3 worker ant zombies
  4 howler monkey zombies
  9 gnolls
  16 adders
  2 shadow imps
  12 white imps (Lair:3)
  An ooze (D:4)
  2 adder zombies
  4 adder skeletons
  7 worms
  A dart slug (D:1)
  7 leopard geckos
  135 orcs
  10 giant cockroaches
  2 gnoll zombies (D:3)
  13 goblins
  8 hobgoblins
  7 jackals
  4 quokkas
  7 ball pythons
  7 bats
  7 frilled lizards
  38 kobolds
  A leopard gecko skeleton (D:7)
  2 quokka skeletons
  2 quokka zombies
  9 rats
  2 fungi (Lair:6)
  6 plants
890 creatures vanquished.

Vanquished Creatures (others)
  A deep elf mage (Elf:1)
  A slave (D:8)
  A worker ant (D:8)
  2 bushes (Lair:6)
  49 fungi
  37 plants
91 creatures vanquished.

Grand Total: 981 creatures vanquished

Notes
Turn   | Place    | Note
-------+----------+-------------------------------------------
     0 | D:1      | MinusOne the Gargoyle Earth Elementalist began the quest for the Orb.
     0 | D:1      | Reached XP level 1. HP: 10/10 MP: 3/3
   540 | D:1      | Reached skill level 4 in Earth Magic
   540 | D:1      | Reached XP level 2. HP: 12/15 MP: 1/5
  1296 | D:1      | Reached XP level 3. HP: 19/19 MP: 3/6
  1311 | D:1      | Learned a level 3 spell: Stone Arrow
  1547 | D:2      | Found a stormy altar of Qazlal.
  2010 | D:2      | Found a shadowy altar of Dithmenos.
  2174 | D:2      | Reached XP level 4. HP: 22/24 MP: 4/8
  2210 | D:2      | Reached skill level 5 in Earth Magic
  2224 | D:2      | Found a deep blue altar of Sif Muna.
  2486 | D:2      | Found a shimmering altar of Xom.
  2646 | D:3      | Found a hide-covered altar of Uskayaw.
  2885 | D:3      | Found a bloodstained altar of Trog.
  2903 | D:3      | Reached skill level 1 in Conjurations
  2958 | D:3      | Found a basalt altar of Yredelemnul.
  3026 | D:3      | Reached XP level 5. HP: 18/28 MP: 0/9
  3915 | D:4      | Reached XP level 6. HP: 32/32 MP: 8/11
  3994 | D:4      | Noticed Natasha
  3996 | D:4      | Killed Natasha
  4018 | D:4      | Noticed Natasha
  4020 | D:4      | Killed Natasha
  4390 | D:4      | Noticed Natasha
  4404 | D:4      | Killed Natasha
  4521 | D:4      | Reached skill level 6 in Earth Magic
  4521 | D:4      | Reached XP level 7. HP: 24/37 MP: 5/13
  4717 | D:4      | Reached skill level 1 in Fighting
  4941 | D:4      | Noticed Dowan
  4990 | D:4      | Reached skill level 1 in Maces & Flails
  5260 | D:4      | Reached skill level 1 in Armour
  5747 | D:4      | Noticed Duvessa
  5796 | D:5      | Entered Level 5 of the Dungeon
  6186 | D:5      | Found an ancient bone altar of Kikubaaqudgha.
  6347 | D:5      | Noticed Edmund
  6395 | D:5      | Killed Edmund
  6395 | D:5      | Reached XP level 8. HP: 23/44 MP: 3/14
  7964 | D:4      | Killed Dowan
  7989 | D:4      | HP: 2/45 [Duvessa/rapier (9)]
  8048 | D:3      | Killed Duvessa
  8048 | D:3      | Reached skill level 7 in Earth Magic
  8484 | D:6      | Reached skill level 5 in Spellcasting
  8591 | D:6      | Found a staircase to the Ecumenical Temple.
  8672 | Temple   | Entered the Ecumenical Temple
  8720 | Temple   | Became a worshipper of Vehumet
  8932 | D:6      | Found a bloodstained altar of Trog.
  9331 | D:6      | Reached XP level 9. HP: 51/51 MP: 9/16
  9444 | D:6      | Reached skill level 1 in Evocations
  9775 | D:6      | Found an opulent altar of Gozag.
 10199 | D:6      | Reached skill level 5 in Conjurations
 10354 | D:7      | Learned a level 5 spell: Lee's Rapid Deconstruction
 10582 | D:7      | Noticed a troll
 10650 | D:6      | Killed a troll
 11297 | D:7      | Reached * piety under Vehumet
 11297 | D:7      | Offered knowledge of Sting by Vehumet.
 12526 | D:7      | Reached XP level 10. HP: 29/58 MP: 1/18
 12703 | D:7      | Reached skill level 8 in Earth Magic
 14032 | D:8      | Noticed Joseph
 14137 | D:7      | Offered knowledge of Shock by Vehumet.
 14141 | D:7      | Identified a scroll of acquirement
 14144 | D:7      | Got a faintly glowing arbalest
 14305 | D:8      | Reached ** piety under Vehumet
 14420 | D:8      | Noticed a two-headed ogre
 14530 | D:8      | Found a shattered altar of Ashenzari.
 15010 | D:8      | Reached skill level 5 in Fighting
 15498 | D:8      | Noticed Pikel
 15697 | D:8      | Killed Joseph
 15697 | D:8      | Reached skill level 5 in Armour
 15858 | D:8      | Killed a two-headed ogre
 15858 | D:8      | Reached skill level 5 in Maces & Flails
 16847 | D:8      | Offered knowledge of Mephitic Cloud by Vehumet.
 17112 | D:9      | Found a staircase to the Lair.
 17530 | D:8      | Reached *** piety under Vehumet
 17872 | D:8      | Reached XP level 11. HP: 40/64 MP: 6/20
 18095 | D:9      | Reached skill level 9 in Earth Magic
 18313 | D:9      | Offered knowledge of Static Discharge by Vehumet.
 18471 | D:9      | Found a roughly hewn altar of Beogh.
 18610 | D:9      | Reached skill level 5 in Dodging
 18824 | D:9      | Found a blossoming altar of Fedhas.
 19253 | D:9      | Noticed a two-headed ogre
 19318 | D:8      | Killed a two-headed ogre
 19456 | D:9      | Reached **** piety under Vehumet
 19648 | D:9      | Offered knowledge of Olgreb's Toxic Radiance by Vehumet.
 19903 | D:9      | Got a colourful robe
 19914 | D:9      | Identified the cursed +1 robe of the Orb {rCorr MP+9 Str+4 Int+2} (You found it on level 9 of the Dungeon)
 20532 | Lair:1   | Entered Level 1 of the Lair of Beasts
 20807 | Lair:1   | Noticed an oklob plant
 20807 | Lair:1   | Noticed an oklob plant
 21018 | Lair:1   | Noticed a five-headed hydra
 21025 | Lair:1   | Killed a five-headed hydra
 22444 | Lair:1   | Noticed a catoblepas
 22452 | Lair:1   | Killed a catoblepas
 22818 | Lair:2   | Reached skill level 5 in Evocations
 23277 | Lair:2   | Found a staircase to the Shoals.
 23284 | Lair:2   | Reached XP level 12. HP: 54/72 MP: 4/23
 23425 | Lair:2   | Reached skill level 10 in Earth Magic
 23457 | Lair:2   | Noticed FollowTheCloud's ghost (journeyman SpEn)
 23785 | Lair:2   | Noticed Erica
 24079 | Lair:2   | Killed Erica
 24247 | Lair:2   | Noticed a four-headed hydra
 24252 | Lair:2   | Killed a four-headed hydra
 24483 | Lair:2   | Found a staircase to the Snake Pit.
 24493 | Lair:2   | Identified the Tome of Contamination (You acquired it on level 2 of the Lair of Beasts)
 24538 | Lair:2   | Noticed an eight-headed hydra
 24544 | Lair:2   | Killed an eight-headed hydra
 24870 | Lair:2   | Noticed a five-headed hydra
 24877 | Lair:2   | Killed a five-headed hydra
 25043 | Lair:2   | Noticed a four-headed hydra
 25065 | Lair:3   | Killed a four-headed hydra
 25939 | Lair:3   | Noticed a five-headed hydra
 25960 | Lair:3   | Killed a five-headed hydra
 26059 | Lair:3   | Reached ***** piety under Vehumet
 26185 | Lair:3   | Offered knowledge of Lightning Bolt by Vehumet.
 26347 | Lair:3   | Reached XP level 13. HP: 78/78 MP: 4/25
 26588 | Lair:3   | Reached skill level 11 in Earth Magic
 27533 | Lair:2   | Killed FollowTheCloud's ghost
 32557 | Lair:5   | Gained mutation: Your large and strong wings let you fly indefinitely. [Gargoyle growth]
 32557 | Lair:5   | Reached XP level 14. HP: 86/86 MP: 7/27
 32921 | Lair:5   | Reached skill level 10 in Conjurations
 33297 | Lair:4   | Reached skill level 12 in Earth Magic
 34699 | Lair:5   | Found a viscous altar of Jiyva.
 34700 | Lair:5   | Found a staircase to the Slime Pits.
 34748 | Lair:6   | Entered Level 6 of the Lair of Beasts
 37774 | Lair:6   | Reached skill level 10 in Fighting
 38246 | Lair:6   | Noticed a dire elephant
 38263 | Lair:6   | Killed a dire elephant
 38282 | Lair:6   | Noticed a dire elephant
 39060 | Lair:6   | Noticed a dire elephant
 39070 | Lair:6   | Killed a dire elephant
 39229 | Lair:6   | Killed a dire elephant
 39563 | Lair:6   | Noticed a dire elephant
 39564 | Lair:6   | Noticed a dire elephant
 40160 | D:8      | Killed Pikel
 40315 | D:10     | Entered Level 10 of the Dungeon
 41492 | D:10     | Reached XP level 15. HP: 92/92 MP: 12/28
 42555 | D:11     | Offered knowledge of Airstrike by Vehumet.
 42908 | D:11     | Reached skill level 10 in Spellcasting
 43337 | D:11     | Reached skill level 13 in Earth Magic
 43533 | D:11     | Noticed Urug
 44001 | D:11     | Identified the Volume of Ashen Calling
 45151 | D:11     | Offered knowledge of Ozocubu's Refrigeration by Vehumet.
 46139 | D:11     | Found a staircase to the Orcish Mines.
 46146 | D:11     | Killed Urug
 47045 | Orc:1    | Entered Level 1 of the Orcish Mines
 47082 | Orc:1    | Noticed LarsimusPrime's ghost (novice MiFi)
 47203 | Orc:1    | Killed LarsimusPrime's ghost
 47203 | Orc:1    | Reached skill level 10 in Maces & Flails
 47909 | Orc:1    | Noticed an orc warlord
 48748 | D:11     | Killed an orc warlord
 49275 | Orc:1    | Noticed an orc warlord
 50420 | D:11     | Killed an orc warlord
 51182 | Orc:1    | Got a bone great mace
 51574 | Orc:2    | Entered Level 2 of the Orcish Mines
 51893 | Orc:2    | Found a staircase to the Elven Halls.
 51950 | Orc:2    | Noticed Erolcha
 51962 | Orc:2    | Killed Erolcha
 53204 | Orc:2    | Offered knowledge of Bolt of Fire by Vehumet.
 55089 | Orc:2    | Reached XP level 16. HP: 76/100 MP: 10/30
 55191 | Orc:2    | Found Raiss's Antique Weapon Emporium.
 55191 | Orc:2    | Found Geubomour's Armour Emporium.
 55199 | Orc:2    | Found Pocupp's Antique Armour Shop.
 55242 | Orc:2    | Found Kaapuck's Food Shop.
 55264 | Orc:2    | Bought a glowing leather armour for 115 gold pieces
 55264 | Orc:2    | Bought a runed helmet for 172 gold pieces
 55964 | Elf:1    | Entered Level 1 of the Elven Halls
 57016 | Elf:1    | Found Kidasude's General Store.
 57043 | Elf:1    | Bought a scroll of teleportation for 45 gold pieces
 57043 | Elf:1    | Bought a scroll of teleportation for 45 gold pieces
 58710 | Elf:1    | Reached skill level 14 in Earth Magic
 58833 | Elf:1    | Noticed a Brimstone Fiend
 58836 | Elf:1    | Noticed a Hell Sentinel
 58865 | Elf:1    | HP: 4/100 [Hell Sentinel/damnation[a deep elf demonologist] (29)]
 59897 | Elf:2    | Slain by a fire elemental

Skill      XL: |  1  2  3  4  5  6  7  8  9 10 11 12 13 14 15 16 |
---------------+-------------------------------------------------+-----
Earth Magic    | 4 5 6 7 8 9 10 11 12 13 14 | 14.0
Conjurations   | 1 2 3 4 5 6 7 8 9 10 11 12 | 12.0
Spellcasting   | 3 4 5 6 7 8 9 10 | 10.9
Fighting       | 1 3 4 5 7 8 9 10 11 | 11.3
Maces & Flails | 2 3 4 5 6 7 8 9 10 | 10.8
Armour         | 1 3 4 5 |  5.2
Dodging        | 2 3 4 5 6 7 8 9 |  9.1
Evocations     | 2 3 5 6 7 8 9 |  9.6
Stealth        | |  2.1
Transmutations | |  0.7

Action                   |  1- 3 |  4- 6 |  7- 9 | 10-12 | 13-15 | 16-18 || total
-------------------------+-------+-------+-------+-------+-------+-------++-------
Melee: Mace              |     3 |    36 |    25 |       |       |       ||    64
       Flail             |       |       |    54 |    30 |       |       ||    84
       Dire flail        |       |       |       |   125 |   228 |    27 ||   380
 Cast: Sandblast         |    60 |    83 |       |       |       |       ||   143
       Stone Arrow       |       |     1 |   196 |   508 |  1243 |   171 ||  2119
       Lee's Rapid Decon |       |       |       |     6 |     3 |       ||     9
 Abil: Evoke Flight      |       |       |     2 |       |       |       ||     2
       Fly               |       |       |       |       |     1 |       ||     1
Evoke: Wand              |       |       |     1 |       |    19 |       ||    20
  Use: Scroll            |       |     2 |    11 |    11 |    13 |     5 ||    42
       Potion            |       |       |     4 |     3 |     8 |     2 ||    17
  Eat: Chunk             |     4 |     7 |    32 |    54 |    89 |    14 ||   200
       Fruit             |       |     1 |     8 |       |       |       ||     9
       Bread ration      |       |       |     1 |       |       |       ||     1
Armor: Robe              |     4 |    21 |    50 |   245 |   365 |    71 ||   756
Dodge: Dodged            |    14 |    36 |   119 |   320 |   583 |    68 ||  1140
